 Dungeon Sprint DCSS version 0.17-a0-1711-gc5340a3 (webtiles) character file.

495690 patman the End of an Era (level 20, 209/209 (216) HPs)
             Began as a Ghoul Monk on Aug 21, 2015.
             Was the Champion of Qazlal.
             Escaped with the Orb!
             The game lasted 00:53:15 (5042 turns).

patman the End of an Era (Ghoul Monk)               Turns: 5042, Time: 00:53:15

HP:   209/209 (216) AC: 64    Str: 28    XL:     20   Next: 19%
MP:   36/36         EV: 14    Int:  5    God:    Qazlal [******]
Gold: 0             SH: 46    Dex: 17    Spells: 3 memorised, 14 levels left

rFire  + . .     SeeInvis +     a - +9 lance "Wyrmbane" {slay drac, +Rage rPois rF+ AC+5}
rCold  + . .     Clarity  .     F - +15 Maxwell's patent armour {-Cast -Tele rElec MR+ rCorr}
rNeg   + + +     SustAt   .     J - +18 shield of the gong {rElec rN+ MR+ EV-5}
rPois  ∞         Gourm    .     R - +2 helmet {SInv}
rElec  +         Spirit   .     I - +2 cloak of the Thief {+Fog Slay-2 SInv Stlth+}
rCorr  +         Warding  .     H - +2 pair of gloves of Qohofame {rElec MR+ Str+4 Slay+2}
rMut   .         NoTele   +     C - +2 pair of boots {Stlth+}
MR     ++++.     NoCast   +     Q - amulet of faith
Stlth  ..........               D - ring of Shaolin {EV+8}
                                N - ring "Tuhues" {*Corrode AC+5 Str+6}

@: rotting, repel missiles, incredibly resistant to hostile enchantments,
extremely unstealthy
A: rotting body, claws 1, carnivore 3, cold resistance 1, negative energy
resistance 3, slow healing 1, torment resistance, unbreathing
a: Upheaval, Elemental Force, Disaster Area, Renounce Religion, Evoke Fog
0: Orb of Zot


You escaped.
You worshipped Qazlal.
Qazlal was exalted by your worship.
You were not hungry.

You visited 1 branch

Inventory:

Hand weapons
 a - the +9 lance "Wyrmbane" (weapon) {slay drac, +Rage rPois rF+ AC+5}
   (You found it in the Dungeon)

   It affects your AC (+5).
   It protects you from fire.
   It protects you from poison.
   It lets you go berserk.
 b - the +9 Staff of Wucad Mu {channel}
   (You took it off a centaur warrior in the Dungeon)
 m - the +8 demon blade "Leech" {vamp, rN+ AC-2 EV-2 Str-2 Int-2 Dex-2}
   (You took it off a mummy priest in the Dungeon)

   It inflicts no extra harm, but heals its wielder somewhat when it strikes a
   living foe.
   It affects your AC (-2).
   It affects your evasion (-2).
   It affects your strength (-2).
   It affects your intelligence (-2).
   It affects your dexterity (-2).
   It protects you from negative energy.
Armour
 C - a +2 pair of boots of stealth (worn)
 F - the +15 Maxwell's patent armour (worn) {-Cast -Tele rElec MR+ rCorr}
   (You found it in the Dungeon)

   It insulates you from electricity.
   It affects your resistance to hostile enchantments.
   It prevents spellcasting.
   It prevents most forms of teleportation.
   It protects you from acid and corrosion.
 H - the +2 pair of gloves of Qohofame (worn) {rElec MR+ Str+4 Slay+2}
   (You found it in the Dungeon)

   It affects your strength (+4).
   It affects your accuracy and damage with ranged weapons and melee attacks
   (+2).
   It insulates you from electricity.
   It affects your resistance to hostile enchantments.
 I - the +2 cloak of the Thief (worn) {+Fog Slay-2 SInv Stlth+}
   (You found it in the Dungeon)

   It affects your accuracy and damage with ranged weapons and melee attacks
   (-2).
   It lets you see invisible.
   It can be evoked to emit clouds of fog.
   It makes you more stealthy.
 J - the +18 shield of the gong (worn) {rElec rN+ MR+ EV-5}
   (You found it in the Dungeon)

   It affects your evasion (-5).
   It insulates you from electricity.
   It protects you from negative energy.
   It affects your resistance to hostile enchantments.
 R - a +2 helmet of see invisible (worn)
Rods
 S - a +4 rod of ignition (11/11)
   (You took it off a deep elf high priest in the Dungeon)
 U - a +8 rod of ignition (9/9)
   (You took it off a deep elf fighter in the Dungeon)
 W - a +9 lightning rod (14/14)
   (You found it in the Dungeon)
 X - a +8 rod of clouds (14/14)
   (You took it off a spriggan air mage in the Dungeon)
Jewellery
 q - an uncursed ring of protection from fire
 x - the ring "Kaisuipt" {+Inv rElec rC+ MR- Int+2}
   (You found it in the Dungeon)

   [ring of protection from cold]

   It affects your intelligence (+2).
   It protects you from cold.
   It insulates you from electricity.
   It affects your resistance to hostile enchantments.
   It lets you turn invisible.
 z - the cursed ring of the First Stars {rElec rC+ EV-3}
   (You took it off a deep elf master archer in the Dungeon)

   [ring of evasion]

   It affects your evasion (-3).
   It protects you from cold.
   It insulates you from electricity.
   It has a curse placed upon it.
 D - the ring of Shaolin (right hand) {EV+8}
   (You took it off a skeletal warrior in the Dungeon)

   [ring of evasion]

   It affects your evasion (+8).
 E - an uncursed ring of protection from fire
 L - an uncursed ring of fire
 N - the ring "Tuhues" (left hand) {*Corrode AC+5 Str+6}
   (You found it in the Dungeon)

   [ring of protection]

   It affects your AC (+5).
   It affects your strength (+6).
   It may corrode your equipment when you take damage.
 P - the ring of Peluigot {Slay+2 SInv}
   (You took it off a skeletal warrior in the Dungeon)

   [ring of see invisible]

   It affects your accuracy and damage with ranged weapons and melee attacks
   (+2).
   It lets you see invisible.
 Q - an amulet of faith (around neck)
 V - an uncursed ring of protection from magic
 Y - an uncursed ring of protection from cold
Magical devices
 d - a wand of hasting (5)
 t - a wand of disintegration (7)
 u - a wand of fire (3)
 v - a wand of cold (5)
 w - a wand of draining (5)
Scrolls
 g - 4 scrolls of amnesia
 h - 4 scrolls of blinking
 i - 3 scrolls of recharging
 j - 7 scrolls of fog
 k - 5 scrolls of identify
 l - 5 scrolls of remove curse
 G - 2 scrolls of enchant armour
 K - 24 scrolls of enchant weapon
Potions
 c - 7 potions of curing
 e - 5 potions of haste
 f - 6 potions of magic
 n - 2 potions of brilliance
 o - 2 potions of invisibility
 p - 4 potions of resistance
 r - 5 potions of agility
 s - 6 potions of might
Miscellaneous
 y - 4 phantom mirrors
 A - a fan of gales
 B - a lamp of fire
 O - a stone of tremors
 Z - a phial of floods
Comestibles
 M - 2 royal jellies
 T - a meat ration


   Skills:
 O Level 27 Fighting
 * Level 10.5 Long Blades
 - Level 14.3 Polearms
 O Level 27 Armour
 - Level 2.6 Dodging
 - Level 2.1 Stealth
 O Level 27 Shields
 - Level 4.3 Unarmed Combat
 O Level 27 Invocations
 O Level 27 Evocations


You had 14 spell levels left.
You knew the following spells:

 Your Spells              Type           Power        Failure   Level  Hunger
a - Apportation           Tloc           #.........   98%         1    ##.....
b - Blink                 Tloc           N/A          99%         2    ###....
c - Repel Missiles        Chrm/Air       #.....       99%         2    ###....


Dungeon Overview and Level Annotations

Branches:
Dungeon (1/1)

Altars:
Ashenzari
Cheibriados
Dithmenos
Elyvilon
Fedhas
Gozag
Kikubaaqudgha
Makhleb
Nemelex Xobeh
Okawaru
Qazlal
Ru
Sif Muna
Trog
Vehumet
Xom
Yredelemnul
Zin
The Shining One
Beogh
Jiyva
Lugonu


Innate Abilities, Weirdness & Mutations

Your body is rotting away.
You thrive on raw meat.
You are immune to poison.
You have sharp fingernails.
You are carnivorous and can eat meat at any time.
Your flesh is cold resistant.
You are immune to negative energy.
You heal slowly when monsters are visible.
You are immune to unholy pain and torment.
You can survive without breathing.


Message History

You see here a lantern of shadows.
You see here a book of Annihilations.
You see here an uncursed staff of poison.
You see here a +1 ring mail of poison resistance.
You see here a +0 arbalest of flaming.
You see here the +4 hunting sling "Ocusem" {velocity, rElec rPois rC+++ Int-2}.
You see here a phial of floods.
An exit appears before you!
Your surroundings seem different!
Found the Orb of Zot.
Found a staircase leading out of the dungeon.
You see here the Orb of Zot.
You pick up the Orb of Zot!
The Orb lets out a hideous shriek!
The lords of Pandemonium are not amused.
Beware!
Now all you have to do is get back out of the dungeon!
There is a staircase leading out of the dungeon here.
You start waiting.
Done waiting.
You start waiting.
You feel your flesh rotting away.
You have escaped!

....).§()(..▓..▓.......▓.=▓...8©8
...(§.§)....▓.▓▓▓.....▓▓▓=▓..§|..
..§..(..=...▓..▓.......▓.)▓..[)[§
......[?(...▓............)▓....)§
...[........▓...........|.▓......
.......[)((.▓▓▓▓▓▓▓▓▓▓▓▓▓▓▓......
▓.......▓))(▓8888888888888▓......
.▓.....▓.▓()▓8.§§........8▓..▓...
▓.......▓§((▓8.§@........8▓.▓....
............▓8...........8▓......
............▓8888888888888▓▓▓▓▓▓▓
▓▓▓▓▓▓▓▓▓▓▓▓▓▓▓▓▓▓▓▓▓▓▓▓▓▓▓▓▓▓▓▓▓
.....8©8........▓........8©8.....
:}:.:§|..)..:...▓...}}}):..)..||.
.:..§§..§.}:..:.▓.)):):[§§§.|.)}:
}::)}.§)....).}.▓.||:})}"[§)...).
................▓.......)[:})....


There were no monsters in sight!

Vanquished Creatures
  2 ancient liches (D)
  3 pandemonium lords (D)
  3 greater mummies (D)
  A profane servitor (D)
  4 electric golems (D)
  8 titans (D)
  2 acid blobs (D)
  12 deep elf master archers (D)
  8 deep elf blademasters (D)
  2 liches (D)
  8 fire giants (D)
  3 tentacled starspawn (D)
  A revenant (D)
  4 storm dragons (D)
  6 frost giants (D)
  10 deep elf sorcerers (D)
  An emperor scorpion (D)
  4 ghouls (D)
  A spriggan defender (D)
  2 vampire knights (D)
  9 stone giants (D)
  A yellow draconian (D)
  A dire elephant (D)
  9 deep elf annihilators (D)
  6 merfolk javelineers (D)
  3 death oozes (D)
  10 mummy priests (D)
  2 yaktaur captains (D)
  5 ettins (D)
  11 deep elf high priests (D)
  3 great orbs of eyes (D)
  4 centaur warriors (D)
  6 spriggan air magi (D)
  7 large abominations (D)
  2 vampire magi (D)
  3 thrashing horrors (D)
  A hell hog (D)
  An orc high priest (D)
  2 death scarabs (D)
  10 skeletal warriors (D)
  9 deep elf knights (D)
  A spriggan (D)
  A wretched star (D)
  3 ice devils (D)
  8 small abominations (D)
  5 soul eaters (D)
  An unseen horror (D)
  A spriggan druid (D)
  A giant orange brain (D)
  3 necromancers (D)
  5 deep elf summoners (D)
  2 shambling mangroves (D)
  A hill giant (D)
  4 anubis guards (D)
  An orc sorcerer (D)
  A wolf spider (D)
  4 ugly things (D)
  14 deep elf conjurers (D)
  3 shining eyes (D)
  An anubis guard (shapeshifter) (D)
  7 cyclopes (D)
  4 orb spiders (D)
  7 draconians (D)
  An oklob plant (D)
  A worldbinder (D)
  5 hornets (D)
  A smoke demon (D)
  3 eyes of devastation (D)
  An orange demon (D)
  2 tormentors (D)
  A komodo dragon (shapeshifter) (D)
  3 efreet (D)
  4 yaktaurs (D)
  3 ancient zymes (D)
  4 demonic crawlers (D)
  15 guardian mummies (D)
  2 dryads (D)
  A deep elf priest (D)
  A jumping spider (D)
  A red devil (D)
  3 freezing wraiths (D)
  2 blue devils (D)
  7 wind drakes (D)
  3 ushabtiu (D)
  12 slime creatures (D)
  12 air elementals (D)
  A boulder beetle (D)
  A slime creature (shapeshifter) (D)
  A vampire (D)
  9 shadows (D)
  5 starcursed masses (D)
  2 ynoxinuls (D)
  5 flying skulls (D)
  5 deep elf magi (D)
  11 deep elf fighters (D)
  A redback (D)
  2 hungry ghosts (D)
  5 chaos spawn (D)
  2 golden eyes (D)
  4 neqoxecs (D)
  6 insubstantial wisps (D)
  A wasp (D)
  A sky beast (D)
  A hell hound (D)
  An eye of draining (D)
  4 necrophages (D)
  A phantom (D)
  An ice beast (D)
  6 centaurs (D)
  3 wights (D)
  5 crimson imps (D)
  2 quasits (D)
  9 jellies (D)
  2 iron imps (D)
  19 mummies (D)
  3 shadow imps (D)
  6 white imps (D)
  3 ufetubi (D)
  3 oozes (D)
  6 adder zombies (D)
  6 adder skeletons (D)
  5 bat skeletons (D)
  4 bat zombies (D)
  A giant cockroach simulacrum (D)
  6 giant cockroach zombies (D)
  3 giant gecko skeletons (D)
  A jackal zombie (D)
  3 quokka skeletons (D)
  A spectral giant cockroach (D)
  A butterfly (D)
  2 crawling corpses (D)
  A starspawn tentacle (D)
527 creatures vanquished.

Vanquished Creatures (collateral kills)
  An electric golem (D)
  A fire giant (D)
  A large abomination (D)
3 creatures vanquished.

Vanquished Creatures (others)
  An eldritch tentacle (D)
  An orb spider (D)
  A small abomination (D)
  A giant gecko zombie (D)
  124 eldritch tentacle segments (D)
  3 starspawn tentacles (D)
  74 starspawn tentacle segments (D)
205 creatures vanquished.

Grand Total: 735 creatures vanquished

Notes
Turn   | Place    | Note
--------------------------------------------------------------
     0 | D        | patman the Ghoul Monk began the quest for the Orb.
     0 | D        | Reached XP level 1. HP: 19/19 MP: 0/0
    15 | D        | Found an iron altar of Okawaru.
    15 | D        | Found a radiant altar of Vehumet.
    15 | D        | Found a shimmering altar of Xom.
    15 | D        | Found a burning altar of Makhleb.
    18 | D        | Found a deep blue altar of Sif Muna.
    20 | D        | Found a corrupted altar of Lugonu.
    20 | D        | Found a white marble altar of Elyvilon.
    20 | D        | Found a roughly hewn altar of Beogh.
    20 | D        | Found a sparkling altar of Nemelex Xobeh.
    20 | D        | Found a viscous altar of Jiyva.
    20 | D        | Found a bloodstained altar of Trog.
    93 | D        | Became a worshipper of Qazlal Stormbringer
    93 | D        | Acquired Qazlal's first power
    93 | D        | Acquired Qazlal's second power
   121 | D        | Reached XP level 2. HP: 26/26 MP: 1/1
   122 | D        | Entered arena 1.
   141 | D        | Entered arena 2.
   141 | D        | Noticed a crimson imp
   141 | D        | Noticed a crimson imp
   141 | D        | Noticed an iron imp
   147 | D        | Killed a crimson imp
   147 | D        | Reached skill level 5 in Armour
   147 | D        | Reached skill level 5 in Shields
   147 | D        | Reached XP level 3. HP: 25/34 MP: 2/2
   152 | D        | Killed an iron imp
   152 | D        | Acquired Qazlal's third power
   152 | D        | Reached skill level 5 in Fighting
   152 | D        | Reached XP level 4. HP: 29/42 MP: 3/3
   152 | D        | Killed a crimson imp
   152 | D        | Reached skill level 6 in Armour
   260 | D        | Entered arena 3.
   260 | D        | Noticed a centaur
   260 | D        | Noticed a yaktaur
   260 | D        | Noticed a centaur
   260 | D        | Noticed a centaur
   268 | D        | Killed a centaur
   268 | D        | Reached XP level 5. HP: 49/51 MP: 4/4
   272 | D        | Killed a centaur
   272 | D        | Reached skill level 5 in Invocations
   272 | D        | Reached XP level 6. HP: 55/58 MP: 4/9
   274 | D        | Killed a yaktaur
   274 | D        | Acquired Qazlal's fourth power
   274 | D        | Reached skill level 10 in Invocations
   274 | D        | Reached XP level 7. HP: 60/64 MP: 4/13
   280 | D        | Killed a centaur
   280 | D        | Reached skill level 11 in Invocations
   293 | D        | Entered arena 4.
   293 | D        | Noticed a quasit
   293 | D        | Noticed a hell hound
   299 | D        | Killed a hell hound
   299 | D        | Reached skill level 12 in Invocations
   303 | D        | Killed a quasit
   304 | D        | Acquired Qazlal's fifth power
   350 | D        | Entered arena 5.
   350 | D        | Noticed a crimson imp
   350 | D        | Noticed a quasit
   350 | D        | Noticed a crimson imp
   363 | D        | Killed a quasit
   365 | D        | Killed a crimson imp
   366 | D        | Killed a crimson imp
   382 | D        | Entered arena 6.
   382 | D        | Noticed an orb spider
   382 | D        | Noticed a neqoxec
   382 | D        | Noticed a red ugly thing
   382 | D        | Noticed a green ugly thing
   382 | D        | Noticed a red ugly thing
   382 | D        | Noticed a red ugly thing
   387 | D        | Noticed a komodo dragon
   387 | D        | an orb spider changed into a komodo dragon
   391 | D        | Killed a brown ugly thing
   391 | D        | Reached skill level 14 in Invocations
   391 | D        | Reached XP level 8. HP: 71/71 MP: 7/17
   391 | D        | Killed a komodo dragon
   391 | D        | Reached skill level 15 in Invocations
   391 | D        | Killed a neqoxec
   391 | D        | Killed a white ugly thing
   391 | D        | Reached skill level 16 in Invocations
   391 | D        | Reached XP level 9. HP: 78/78 MP: 7/20
   392 | D        | Killed a white ugly thing
   392 | D        | Reached skill level 17 in Invocations
   393 | D        | Killed a brown ugly thing
   393 | D        | Reached skill level 18 in Invocations
   519 | D        | Got the ring "Ririmal" {Ice rPois rN+ Int-2}
   521 | D        | Got the ring "Tuhues" {*Corrode AC+5 Str+6}
   527 | D        | Got the ring of Ohoqiad {rPois Str+8 Dex-2 SInv}
   537 | D        | Entered arena 7.
   537 | D        | Noticed a jelly
   537 | D        | Noticed an eye of devastation
   537 | D        | Noticed a jelly
   537 | D        | Noticed an eye of draining
   538 | D        | Killed a jelly
   538 | D        | Killed a jelly
   541 | D        | Killed an eye of draining
   543 | D        | Killed an eye of devastation
   543 | D        | Reached skill level 19 in Invocations
   550 | D        | Identified A Primer on Thaumaturgy (You found it in the Dungeon)
   553 | D        | Learned a level 1 spell: Apportation
   556 | D        | Learned a level 2 spell: Blink
   559 | D        | Learned a level 2 spell: Repel Missiles
   567 | D        | Entered arena 8.
   567 | D        | Noticed an insubstantial wisp
   567 | D        | Noticed an air elemental
   567 | D        | Noticed an air elemental
   567 | D        | Noticed an air elemental
   567 | D        | Noticed an air elemental
   567 | D        | Noticed an air elemental
   567 | D        | Noticed a wind drake
   572 | D        | Killed an insubstantial wisp
   572 | D        | Reached XP level 10. HP: 65/83 MP: 22/22
   576 | D        | Killed a wind drake
   579 | D        | Killed an air elemental
   579 | D        | Killed an air elemental
   579 | D        | Reached skill level 20 in Invocations
   583 | D        | Killed an air elemental
   585 | D        | Killed an air elemental
   585 | D        | Killed an air elemental
   687 | D        | Entered arena 9.
   687 | D        | Noticed a draconian
   687 | D        | Noticed a draconian
   687 | D        | Noticed a yellow draconian
   687 | D        | Noticed a draconian
   687 | D        | Noticed a draconian
   687 | D        | Noticed a draconian
   687 | D        | Noticed a draconian
   687 | D        | Noticed a draconian
   695 | D        | Killed a draconian
   697 | D        | Killed a draconian
   697 | D        | Reached skill level 21 in Invocations
   700 | D        | Killed a draconian
   704 | D        | Killed a draconian
   711 | D        | Killed a draconian
   711 | D        | Reached skill level 22 in Invocations
   713 | D        | Killed a draconian
   713 | D        | Reached XP level 11. HP: 59/91 MP: 23/25
   715 | D        | Killed a draconian
   717 | D        | Killed a yellow draconian
   717 | D        | Reached skill level 23 in Invocations
   859 | D        | Entered arena 10.
   859 | D        | Noticed a crimson imp
   859 | D        | Noticed a chaos spawn
   859 | D        | Noticed a red devil
   859 | D        | Noticed Ciug the pandemonium lord
   859 | D        | Noticed an ice devil
   860 | D        | Killed a red devil
   860 | D        | Reached skill level 1 in Polearms
   860 | D        | Killed a chaos spawn
   866 | D        | Killed an ice devil
   879 | D        | Killed a crimson imp
   898 | D        | Killed Ciug the pandemonium lord
   898 | D        | Reached skill level 10 in Fighting
   898 | D        | Reached XP level 12. HP: 44/107 MP: 6/26
  1094 | D        | Got the ring "Kaisuipt" {+Inv rElec rC+ MR- Int+2}
  1121 | D        | Entered arena 11.
  1121 | D        | Noticed a vampire
  1121 | D        | Noticed a tormentor
  1121 | D        | Noticed a blue devil
  1121 | D        | Noticed an ice devil
  1139 | D        | Killed a tormentor
  1158 | D        | Killed an ice devil
  1175 | D        | Killed a blue devil
  1183 | D        | Killed a vampire
  1412 | D        | Entered arena 12.
  1412 | D        | Noticed a tormentor
  1412 | D        | Noticed a freezing wraith
  1412 | D        | Noticed a phantom
  1412 | D        | Noticed a shadow
  1413 | D        | Noticed an ice devil
  1413 | D        | Noticed an ice beast
  1413 | D        | Noticed a skeletal warrior
  1413 | D        | Noticed a freezing wraith
  1413 | D        | Killed a freezing wraith
  1413 | D        | Killed an ice beast
  1414 | D        | Noticed a freezing wraith
  1414 | D        | Killed a freezing wraith
  1414 | D        | Killed a skeletal warrior
  1421 | D        | Killed a tormentor
  1437 | D        | Killed a phantom
  1439 | D        | Killed an ice devil
  1442 | D        | Killed a shadow
  1450 | D        | Killed a freezing wraith
  1450 | D        | Reached skill level 24 in Invocations
  1474 | D        | Entered arena 13.
  1475 | D        | Noticed a jelly
  1475 | D        | Noticed a slime creature
  1475 | D        | Noticed a slime creature
  1475 | D        | Noticed a death ooze
  1475 | D        | Noticed a shining eye
  1475 | D        | Killed a jelly
  1476 | D        | Noticed an acid blob
  1476 | D        | Noticed a slime creature
  1476 | D        | Killed a slime creature
  1476 | D        | Killed a slime creature
  1476 | D        | Killed a death ooze
  1476 | D        | Reached skill level 10 in Polearms
  1476 | D        | Killed a slime creature
  1476 | D        | Killed a jelly
  1477 | D        | Noticed a slime creature
  1477 | D        | Noticed an eye of devastation
  1477 | D        | Noticed a golden eye
  1477 | D        | Killed a shining eye
  1477 | D        | Killed an acid blob
  1477 | D        | Killed a jelly
  1482 | D        | Killed a slime creature
  1483 | D        | Killed a golden eye
  1488 | D        | Killed an eye of devastation
  1558 | D        | Entered arena 14.
  1559 | D        | Noticed a deep elf sorcerer
  1559 | D        | Noticed a deep elf conjurer
  1559 | D        | Noticed a deep elf annihilator
  1559 | D        | Noticed an anubis guard
  1559 | D        | Killed a deep elf conjurer
  1559 | D        | Killed a deep elf conjurer
  1559 | D        | Reached XP level 13. HP: 110/110 MP: 28/28
  1560 | D        | Noticed a deep elf master archer
  1560 | D        | Noticed a deep elf fighter
  1560 | D        | Killed a deep elf fighter
  1560 | D        | Killed a deep elf sorcerer
  1560 | D        | Reached skill level 25 in Invocations
  1560 | D        | Killed a deep elf conjurer
  1560 | D        | Killed a deep elf knight
  1560 | D        | Killed a deep elf conjurer
  1561 | D        | Noticed a deep elf blademaster
  1561 | D        | Killed an anubis guard
  1562 | D        | Noticed a deep elf high priest
  1562 | D        | Noticed a deep elf annihilator
  1562 | D        | Killed a deep elf blademaster
  1562 | D        | Killed a deep elf master archer
  1562 | D        | Killed a deep elf annihilator
  1562 | D        | Reached skill level 26 in Invocations
  1562 | D        | Killed a deep elf annihilator
  1566 | D        | Killed a deep elf high priest
  1640 | D        | Entered arena 15.
  1641 | D        | Noticed a spriggan druid
  1641 | D        | Noticed a wind drake
  1641 | D        | Noticed a spriggan rider
  1641 | D        | Noticed a shambling mangrove
  1641 | D        | Noticed a dryad
  1643 | D        | Noticed a redback
  1643 | D        | Noticed a dire elephant
  1643 | D        | Noticed a spriggan defender
  1644 | D        | Noticed a wind drake
  1645 | D        | Noticed a dryad
  1645 | D        | Noticed a shambling mangrove
  1645 | D        | Noticed a wind drake
  1663 | D        | Killed a dryad
  1663 | D        | Reached skill level 1 in Evocations
  1663 | D        | Killed a dryad
  1663 | D        | Killed a wind drake
  1663 | D        | Killed a redback
  1663 | D        | Killed a spriggan druid
  1663 | D        | Killed a shambling mangrove
  1663 | D        | Killed a shambling mangrove
  1663 | D        | Killed a wind drake
  1663 | D        | Killed a wind drake
  1663 | D        | Killed a spriggan defender
  1663 | D        | Reached skill level 5 in Evocations
  1663 | D        | Killed a dire elephant
  1663 | D        | Killed a spriggan rider
  1663 | D        | Killed a wasp
  1663 | D        | Killed an oklob plant
  1690 | D        | Got the ring of Qaopluf {+Fly rElec}
  1709 | D        | Entered arena 16.
  1719 | D        | Noticed a soul eater
  1723 | D        | Noticed a soul eater
  1724 | D        | Noticed a ghoul
  1724 | D        | Noticed a ghoul
  1726 | D        | Noticed a soul eater
  1729 | D        | Noticed a soul eater
  1732 | D        | Noticed a soul eater
  1753 | D        | Killed a ghoul
  1753 | D        | Reached skill level 27 in Invocations
  1753 | D        | Reached XP level 14. HP: 103/121 MP: 30/30
  1757 | D        | Killed a soul eater
  1762 | D        | Killed a soul eater
  1778 | D        | Killed a soul eater
  1785 | D        | Killed a soul eater
  1785 | D        | Reached skill level 10 in Evocations
  1800 | D        | Killed a ghoul
  1819 | D        | Killed a soul eater
  1976 | D        | Entered arena 17.
  1978 | D        | Noticed a hornet
  1978 | D        | Noticed an orb spider
  1978 | D        | Noticed a wolf spider
  1978 | D        | Noticed a demonic crawler
  1978 | D        | Noticed a hornet
  1978 | D        | Noticed a boulder beetle
  1978 | D        | Noticed a demonic crawler
  1978 | D        | Noticed a hornet
  1979 | D        | Noticed a hornet
  1979 | D        | Noticed an orb spider
  1979 | D        | Noticed a demonic crawler
  1979 | D        | Noticed an orb spider
  1980 | D        | Noticed a hornet
  1980 | D        | Noticed an emperor scorpion
  1980 | D        | Noticed a demonic crawler
  1982 | D        | Noticed an orb spider
  1983 | D        | Noticed an orb spider
  1987 | D        | Killed an orb spider
  1988 | D        | Noticed a jumping spider
  1989 | D        | Killed a wolf spider
  1991 | D        | Killed a hornet
  1993 | D        | Killed a hornet
  1993 | D        | Killed an orb spider
  1995 | D        | Killed a demonic crawler
  1998 | D        | Killed a demonic crawler
  1999 | D        | Killed a hornet
  2001 | D        | Killed a jumping spider
  2003 | D        | Killed a hornet
  2013 | D        | Killed an emperor scorpion
  2024 | D        | Killed a boulder beetle
  2025 | D        | Killed a hornet
  2033 | D        | Killed a demonic crawler
  2038 | D        | Killed a demonic crawler
  2042 | D        | Killed an orb spider
  2042 | D        | Killed an orb spider
  2044 | D        | Killed an orb spider
  2116 | D        | Identified Vageudua's Incunabulum of Gliding Arcane Weapons (You found it in the Dungeon)
  2138 | D        | Entered arena 18.
  2146 | D        | Noticed a guardian mummy
  2149 | D        | Noticed a flying skull
  2149 | D        | Noticed a lich
  2149 | D        | Noticed a mummy priest
  2149 | D        | Killed a guardian mummy
  2150 | D        | Noticed a guardian mummy
  2150 | D        | Killed a guardian mummy
  2150 | D        | Killed a lich
  2150 | D        | Reached skill level 15 in Evocations
  2153 | D        | Noticed a guardian mummy
  2154 | D        | Noticed a guardian mummy
  2154 | D        | Killed a mummy priest
  2155 | D        | Noticed a guardian mummy
  2155 | D        | Noticed a mummy priest
  2155 | D        | Killed a guardian mummy
  2156 | D        | Noticed a guardian mummy
  2157 | D        | Noticed a mummy priest
  2158 | D        | Identified a +4 rod of ignition (11/11) (You took it off a deep elf high priest in the Dungeon)
  2159 | D        | Killed a guardian mummy
  2159 | D        | Killed a guardian mummy
  2159 | D        | Killed a mummy priest
  2159 | D        | Killed a flying skull
  2160 | D        | Noticed a guardian mummy
  2160 | D        | Identified a +8 rod of ignition (9/9) (You took it off a deep elf fighter in the Dungeon)
  2161 | D        | Killed a guardian mummy
  2161 | D        | Killed a mummy priest
  2162 | D        | Noticed a guardian mummy
  2166 | D        | Killed a guardian mummy
  2169 | D        | Killed a guardian mummy
  2198 | D        | Killed a guardian mummy
  2220 | D        | Got the ring of Vemaurif {rPois Dex+2 SInv}
  2267 | D        | Got the ring "Noybi" {rF+ MP-9 Str+4 Dex+9 Stlth-}
  2289 | D        | Entered arena 19.
  2298 | D        | Noticed a death ooze
  2298 | D        | Noticed a shining eye
  2298 | D        | Noticed a slime creature
  2298 | D        | Noticed a slime creature
  2298 | D        | Noticed a slime creature
  2298 | D        | Noticed a jelly
  2299 | D        | Noticed a jelly
  2299 | D        | Killed a slime creature
  2299 | D        | Killed a jelly
  2299 | D        | Killed a slime creature
  2300 | D        | Noticed a slime creature
  2300 | D        | Noticed a golden eye
  2300 | D        | Noticed a great orb of eyes
  2300 | D        | Noticed an acid blob
  2300 | D        | Noticed a shining eye
  2300 | D        | Killed a golden eye
  2300 | D        | Killed a slime creature
  2301 | D        | Noticed a slime creature
  2301 | D        | Killed a shining eye
  2301 | D        | Killed a jelly
  2302 | D        | Noticed a slime creature
  2302 | D        | Killed a slime creature
  2302 | D        | Killed a shining eye
  2302 | D        | Killed a death ooze
  2303 | D        | Noticed a giant orange brain
  2303 | D        | Noticed a jelly
  2303 | D        | Noticed a slime creature
  2303 | D        | Noticed an eye of devastation
  2303 | D        | Noticed a slime creature
  2303 | D        | Killed a slime creature
  2304 | D        | Noticed a death ooze
  2305 | D        | Killed an acid blob
  2306 | D        | Noticed a jelly
  2306 | D        | Killed a jelly
  2306 | D        | Killed a great orb of eyes
  2306 | D        | Killed a giant orange brain
  2309 | D        | Killed a slime creature
  2315 | D        | Killed a slime creature
  2316 | D        | Killed a death ooze
  2316 | D        | Reached XP level 15. HP: 119/128 MP: 12/31
  2321 | D        | Killed a slime creature
  2326 | D        | Killed an eye of devastation
  2329 | D        | Killed a jelly
  2405 | D        | Entered arena 20.
  2408 | D        | Noticed a wolf spider
  2408 | D        | Noticed a deep elf conjurer
  2408 | D        | a wolf spider changed into a merfolk
  2409 | D        | Noticed a deep elf master archer
  2409 | D        | Noticed a deep elf master archer
  2409 | D        | Noticed a deep elf annihilator
  2410 | D        | Noticed a deep elf annihilator
  2410 | D        | Noticed a deep elf fighter
  2410 | D        | Noticed a deep elf master archer
  2410 | D        | Noticed a deep elf summoner
  2410 | D        | Noticed a deep elf conjurer
  2410 | D        | Noticed a deep elf sorcerer
  2410 | D        | Killed a deep elf conjurer
  2411 | D        | Noticed a deep elf annihilator
  2411 | D        | Noticed a deep elf annihilator
  2411 | D        | Killed a deep elf annihilator
  2411 | D        | Killed a deep elf annihilator
  2411 | D        | Killed a deep elf annihilator
  2411 | D        | Killed a deep elf conjurer
  2411 | D        | Killed a deep elf sorcerer
  2412 | D        | Noticed a deep elf mage
  2412 | D        | Noticed a deep elf sorcerer
  2412 | D        | Killed a deep elf master archer
  2412 | D        | Killed a deep elf summoner
  2412 | D        | Killed a deep elf sorcerer
  2413 | D        | Noticed a deep elf conjurer
  2413 | D        | Noticed a deep elf high priest
  2413 | D        | Noticed a deep elf conjurer
  2413 | D        | Killed a deep elf master archer
  2413 | D        | Killed a deep elf high priest
  2413 | D        | Killed a deep elf conjurer
  2413 | D        | Killed a deep elf mage
  2414 | D        | Killed a deep elf annihilator
  2415 | D        | Noticed a deep elf annihilator
  2415 | D        | Noticed a deep elf mage
  2417 | D        | Noticed a deep elf knight
  2418 | D        | Noticed a deep elf summoner
  2419 | D        | Noticed a deep elf knight
  2427 | D        | Killed a deep elf annihilator
  2428 | D        | Killed a deep elf mage
  2429 | D        | Killed a deep elf knight
  2432 | D        | Killed a deep elf fighter
  2441 | D        | Killed a deep elf master archer
  2446 | D        | Killed a deep elf mage
  2448 | D        | Killed a deep elf conjurer
  2450 | D        | Killed a deep elf conjurer
  2462 | D        | Killed a deep elf knight
  2477 | D        | Killed a deep elf summoner
  2479 | D        | Got the cursed ring of the First Stars {rElec rC+ EV-3}
  2530 | D        | Got the ring "Tuzaunnoy" {rN+ Int+4}
  2548 | D        | Got the +2 pair of gloves of Qohofame {rElec MR+ Str+4 Slay+2}
  2582 | D        | Entered arena 21.
  2590 | D        | Noticed a centaur warrior
  2590 | D        | Noticed a stone giant
  2590 | D        | Noticed a merfolk javelineer
  2591 | D        | Noticed a stone giant
  2591 | D        | Noticed a yaktaur
  2591 | D        | Noticed a deep elf master archer
  2591 | D        | Noticed a deep elf master archer
  2591 | D        | Noticed a stone giant
  2591 | D        | Noticed a centaur warrior
  2591 | D        | Noticed a merfolk javelineer
  2591 | D        | Noticed a centaur
  2591 | D        | Noticed a centaur warrior
  2592 | D        | Noticed a merfolk javelineer
  2593 | D        | Killed a stone giant
  2593 | D        | Killed a centaur warrior
  2593 | D        | Killed a yaktaur
  2593 | D        | Killed a deep elf master archer
  2593 | D        | Killed a centaur warrior
  2593 | D        | Killed a centaur
  2594 | D        | Noticed a merfolk javelineer
  2594 | D        | Noticed a centaur
  2594 | D        | Noticed a deep elf master archer
  2594 | D        | Killed a merfolk javelineer
  2594 | D        | Killed a centaur
  2594 | D        | Killed a centaur
  2595 | D        | Noticed a deep elf master archer
  2595 | D        | Noticed a yaktaur
  2595 | D        | Noticed a yaktaur captain
  2595 | D        | Killed a deep elf master archer
  2595 | D        | Killed a stone giant
  2595 | D        | Killed a merfolk javelineer
  2595 | D        | Killed a centaur warrior
  2595 | D        | Killed a merfolk javelineer
  2595 | D        | Killed a yaktaur captain
  2595 | D        | Reached XP level 16. HP: 47/135 MP: 16/32
  2595 | D        | Noticed a merfolk javelineer
  2596 | D        | Noticed a stone giant
  2603 | D        | Killed a merfolk javelineer
  2603 | D        | Killed a yaktaur
  2603 | D        | Killed a yaktaur
  2603 | D        | Killed a deep elf master archer
  2606 | D        | Noticed a deep elf master archer
  2608 | D        | Noticed a centaur warrior
  2610 | D        | Killed a stone giant
  2610 | D        | Killed a deep elf master archer
  2611 | D        | Noticed a yaktaur captain
  2612 | D        | Noticed a cyclops
  2612 | D        | Noticed a merfolk javelineer
  2612 | D        | Noticed a cyclops
  2614 | D        | Killed a centaur warrior
  2614 | D        | Killed a stone giant
  2614 | D        | Killed a cyclops
  2614 | D        | Killed a merfolk javelineer
  2614 | D        | Killed a yaktaur captain
  2614 | D        | Killed a deep elf master archer
  2614 | D        | Killed a cyclops
  2614 | D        | Killed a merfolk javelineer
  2711 | D        | Entered arena 22.
  2722 | D        | Noticed a fire giant
  2722 | D        | Noticed an ettin
  2723 | D        | Noticed a fire giant
  2723 | D        | Noticed a frost giant
  2727 | D        | Identified a +6 rod of shadows (14/14) (You found it in the Dungeon)
  2733 | D        | Noticed a titan
  2733 | D        | Identified a +4 rod of shadows (9/9) (You found it in the Dungeon)
  2738 | D        | Noticed a cyclops
  2740 | D        | Killed a fire giant
  2741 | D        | Noticed a frost giant
  2742 | D        | Noticed an ettin
  2742 | D        | Noticed a hill giant
  2745 | D        | Noticed an ettin
  2745 | D        | Killed a cyclops
  2745 | D        | Killed an ettin
  2746 | D        | Killed a fire giant
  2746 | D        | Reached skill level 10 in Armour
  2747 | D        | Killed a frost giant
  2747 | D        | Reached skill level 27 in Evocations
  2747 | D        | Killed a frost giant
  2748 | D        | Noticed a stone giant
  2748 | D        | Noticed a stone giant
  2750 | D        | Noticed a frost giant
  2752 | D        | Noticed a fire giant
  2755 | D        | Noticed a frost giant
  2756 | D        | Killed a titan
  2756 | D        | Killed a stone giant
  2756 | D        | Killed an ettin
  2756 | D        | Killed a fire giant
  2756 | D        | Killed an ettin
  2756 | D        | Killed a fire giant
  2756 | D        | Killed a frost giant
  2756 | D        | Killed a stone giant
  2756 | D        | Killed a stone giant
  2756 | D        | Killed a cyclops
  2756 | D        | Killed a fire giant
  2756 | D        | Reached skill level 15 in Fighting
  2761 | D        | Killed an ettin
  2763 | D        | Noticed a fire giant
  2764 | D        | Killed a frost giant
  2766 | D        | Killed a hill giant
  2767 | D        | Noticed a frost giant
  2769 | D        | Killed a stone giant
  2772 | D        | Noticed a frost giant
  2772 | D        | Noticed a fire giant
  2773 | D        | Noticed a titan
  2774 | D        | Noticed a fire giant
  2775 | D        | Noticed a cyclops
  2776 | D        | Noticed an ettin
  2776 | D        | Noticed a stone giant
  2779 | D        | Killed a cyclops
  2779 | D        | Killed an ettin
  2779 | D        | Killed a stone giant
  2780 | D        | HP: 1/152 [titan (24)]
  2781 | D        | Killed a cyclops
  2781 | D        | Killed a frost giant
  2781 | D        | Killed a fire giant
  2781 | D        | Reached skill level 15 in Armour
  2781 | D        | Reached XP level 17. HP: 1/161 MP: 21/33
  2781 | D        | Killed a fire giant
  2781 | D        | Killed a titan
  2781 | D        | Killed a fire giant
  2785 | D        | Noticed a cyclops
  2789 | D        | Killed a fire giant
  2789 | D        | Killed a frost giant
  2792 | D        | Killed a cyclops
  2935 | D        | Got the amulet of the Swan {Gourm Str+4}
  2964 | D        | Entered arena 23.
  2977 | D        | Noticed a storm dragon
  2978 | D        | Noticed a wind drake
  2978 | D        | Noticed an electric golem
  2983 | D        | Noticed an air elemental
  2983 | D        | Noticed a titan
  2987 | D        | Noticed an air elemental
  2988 | D        | Noticed an air elemental
  2990 | D        | Noticed an air elemental
  2991 | D        | Noticed a wind drake
  2991 | D        | Noticed an air elemental
  2991 | D        | Noticed an air elemental
  2992 | D        | Noticed an insubstantial wisp
  2994 | D        | Noticed an electric golem
  2994 | D        | Killed an air elemental
  2994 | D        | Killed a spriggan air mage
  2994 | D        | Killed an insubstantial wisp
  2994 | D        | Killed an insubstantial wisp
  2994 | D        | Reached skill level 10 in Shields
  2994 | D        | Killed a wind drake
  2994 | D        | Killed an air elemental
  2994 | D        | Killed an air elemental
  2994 | D        | Killed a titan
  2994 | D        | Killed an air elemental
  2994 | D        | Killed an electric golem
  2994 | D        | Killed an electric golem
  2994 | D        | Killed a storm dragon
  2994 | D        | Killed an air elemental
  2994 | D        | Killed a wind drake
  2994 | D        | Killed an air elemental
  2999 | D        | Noticed an air elemental
  3000 | D        | Noticed a spriggan air mage
  3002 | D        | Noticed a storm dragon
  3002 | D        | Noticed a titan
  3004 | D        | Noticed a storm dragon
  3004 | D        | Killed an air elemental
  3013 | D        | Noticed a wind drake
  3013 | D        | Noticed an electric golem
  3013 | D        | Noticed a spriggan air mage
  3013 | D        | Noticed an insubstantial wisp
  3013 | D        | Noticed an electric golem
  3013 | D        | Killed an insubstantial wisp
  3013 | D        | Killed a spriggan air mage
  3013 | D        | Killed a spriggan air mage
  3013 | D        | Killed a wind drake
  3013 | D        | Killed a titan
  3013 | D        | Killed a storm dragon
  3013 | D        | Killed a spriggan air mage
  3013 | D        | Killed a storm dragon
  3013 | D        | Killed an electric golem
  3013 | D        | Killed an electric golem
  3013 | D        | Reached skill level 15 in Shields
  3013 | D        | Killed a titan
  3013 | D        | Killed a spriggan air mage
  3014 | D        | Noticed an electric golem
  3015 | D        | Noticed a storm dragon
  3015 | D        | Killed an insubstantial wisp
  3016 | D        | Noticed an insubstantial wisp
  3016 | D        | Noticed a titan
  3016 | D        | Noticed a spriggan air mage
  3017 | D        | Killed a storm dragon
  3018 | D        | Noticed a titan
  3018 | D        | Noticed a titan
  3023 | D        | Killed a titan
  3029 | D        | Killed a spriggan air mage
  3041 | D        | Killed a titan
  3050 | D        | Killed an insubstantial wisp
  3055 | D        | Killed a titan
  3071 | D        | Killed an electric golem
  3394 | D        | Upgraded the game from 0.17-a0-1701-gf693a3f to 0.17-a0-1711-gc5340a3
  3452 | D        | Entered arena 24.
  3461 | D        | Noticed a vampire knight
  3461 | D        | Noticed a necrophage
  3470 | D        | Noticed a wight
  3471 | D        | Killed a necrophage
  3473 | D        | Noticed a vampire knight
  3474 | D        | Noticed an ancient lich
  3474 | D        | Noticed a lich
  3474 | D        | Noticed a shadow
  3476 | D        | Noticed a skeletal warrior
  3476 | D        | Noticed a vampire mage
  3476 | D        | Killed a shadow
  3476 | D        | Killed a necrophage
  3476 | D        | Killed a vampire mage
  3477 | D        | Noticed a skeletal warrior
  3477 | D        | Noticed a shadow
  3478 | D        | Noticed a skeletal warrior
  3479 | D        | Noticed a shadow
  3479 | D        | Noticed a necrophage
  3479 | D        | Noticed a ghoul
  3479 | D        | Noticed a skeletal warrior
  3480 | D        | Noticed a wight
  3480 | D        | Noticed a necromancer
  3480 | D        | Killed a lich
  3480 | D        | Reached XP level 18. HP: 167/179 MP: 26/34
  3481 | D        | Noticed a necromancer
  3481 | D        | Noticed a shadow
  3481 | D        | Noticed a shadow
  3481 | D        | Killed a shadow
  3481 | D        | Killed a wight
  3482 | D        | Noticed a skeletal warrior
  3483 | D        | Noticed a skeletal warrior
  3483 | D        | Noticed a ghoul
  3483 | D        | Noticed a skeletal warrior
  3483 | D        | Noticed a skeletal warrior
  3483 | D        | Noticed a shadow
  3484 | D        | Noticed a wight
  3484 | D        | Noticed a necromancer
  3484 | D        | Killed a necromancer
  3484 | D        | Killed a skeletal warrior
  3484 | D        | Killed a vampire knight
  3484 | D        | Killed an ancient lich
  3484 | D        | Killed a necromancer
  3484 | D        | Killed a wight
  3484 | D        | Killed a necromancer
  3484 | D        | Killed a skeletal warrior
  3484 | D        | Killed a shadow
  3484 | D        | Killed a shadow
  3484 | D        | Killed a skeletal warrior
  3484 | D        | Killed a ghoul
  3484 | D        | Killed a necrophage
  3484 | D        | Killed a wight
  3484 | D        | Killed a shadow
  3484 | D        | Killed a skeletal warrior
  3484 | D        | Killed a necrophage
  3484 | D        | Killed a skeletal warrior
  3484 | D        | Killed a ghoul
  3484 | D        | Killed a skeletal warrior
  3484 | D        | Killed a shadow
  3484 | D        | Killed a skeletal warrior
  3484 | D        | Killed a shadow
  3484 | D        | Killed a vampire mage
  3484 | D        | Killed a shadow
  3484 | D        | Killed a skeletal warrior
  3484 | D        | Killed a skeletal warrior
  3491 | D        | Killed a vampire knight
  3580 | D        | Got the cursed ring "Noemoaruz" {rF+ rC- EV-3 Int+2}
  3590 | D        | Got the ring of Peluigot {Slay+2 SInv}
  3649 | D        | Entered arena 25.
  3666 | D        | Noticed an ancient lich
  3667 | D        | Noticed a mummy priest
  3667 | D        | Noticed a mummy priest
  3668 | D        | Noticed a mummy priest
  3673 | D        | Noticed a Hell Sentinel
  3677 | D        | Noticed a flying skull
  3683 | D        | Killed a mummy priest
  3683 | D        | Killed a mummy priest
  3683 | D        | Killed a flying skull
  3683 | D        | Killed a mummy priest
  3683 | D        | Killed a flying skull
  3683 | D        | Killed a Hell Sentinel
  3683 | D        | Killed an ancient lich
  3687 | D        | Noticed an anubis guard
  3689 | D        | Noticed a flying skull
  3689 | D        | Noticed an anubis guard
  3690 | D        | Noticed a guardian mummy
  3691 | D        | Noticed an ushabti
  3691 | D        | Noticed a flying skull
  3692 | D        | Noticed an anubis guard
  3692 | D        | Noticed a greater mummy
  3692 | D        | Killed an anubis guard
  3692 | D        | Killed a flying skull
  3693 | D        | Killed a guardian mummy
  3694 | D        | Noticed an ushabti
  3697 | D        | Noticed a mummy priest
  3698 | D        | Killed a mummy priest
  3699 | D        | Noticed a greater mummy
  3699 | D        | Noticed a mummy priest
  3699 | D        | Noticed a guardian mummy
  3699 | D        | Killed an ushabti
  3699 | D        | Killed a mummy priest
  3700 | D        | Noticed a mummy priest
  3701 | D        | Noticed a guardian mummy
  3701 | D        | Noticed a greater mummy
  3701 | D        | Killed a flying skull
  3702 | D        | Noticed a guardian mummy
  3702 | D        | Noticed a guardian mummy
  3702 | D        | Noticed an anubis guard
  3702 | D        | Noticed a guardian mummy
  3702 | D        | Noticed a mummy priest
  3704 | D        | Killed an anubis guard
  3705 | D        | Killed an anubis guard
  3709 | D        | Killed a greater mummy
  3709 | D        | Killed a guardian mummy
  3709 | D        | Killed a guardian mummy
  3709 | D        | Killed a mummy priest
  3709 | D        | Killed an anubis guard
  3709 | D        | Killed a guardian mummy
  3709 | D        | Killed a guardian mummy
  3709 | D        | Killed a mummy priest
  3710 | D        | Noticed an ushabti
  3710 | D        | Killed an ushabti
  3710 | D        | Killed a greater mummy
  3710 | D        | Killed an ushabti
  3710 | D        | Killed a guardian mummy
  3710 | D        | Killed a greater mummy
  3768 | D        | Noticed a death scarab
  3776 | D        | Killed a death scarab
  3801 | D        | Noticed a death scarab
  3803 | D        | Killed a death scarab
  4010 | D        | Entered arena 26.
  4023 | D        | Noticed a deep elf blademaster
  4036 | D        | Noticed a deep elf high priest
  4036 | D        | Noticed a deep elf mage
  4036 | D        | Noticed a deep elf fighter
  4036 | D        | Noticed a deep elf knight
  4037 | D        | Noticed an orc high priest
  4038 | D        | Noticed a deep elf blademaster
  4039 | D        | Noticed a deep elf blademaster
  4040 | D        | Noticed a deep elf fighter
  4042 | D        | Noticed a deep elf fighter
  4042 | D        | Killed a deep elf high priest
  4042 | D        | Killed a deep elf fighter
  4043 | D        | Noticed a deep elf blademaster
  4043 | D        | Noticed a deep elf high priest
  4045 | D        | Noticed a deep elf fighter
  4046 | D        | Noticed a deep elf master archer
  4047 | D        | Noticed a deep elf high priest
  4051 | D        | Killed an orc high priest
  4051 | D        | Killed a deep elf mage
  4051 | D        | Killed a deep elf fighter
  4051 | D        | Killed a deep elf fighter
  4051 | D        | Killed a deep elf high priest
  4051 | D        | Killed a deep elf high priest
  4051 | D        | Killed a deep elf knight
  4051 | D        | Reached XP level 19. HP: 135/200 MP: 35/35
  4051 | D        | Killed a deep elf fighter
  4051 | D        | Killed a deep elf blademaster
  4051 | D        | Killed a deep elf master archer
  4051 | D        | Killed a deep elf annihilator
  4051 | D        | Killed a deep elf blademaster
  4051 | D        | Killed a deep elf blademaster
  4051 | D        | Killed a deep elf knight
  4052 | D        | Killed a deep elf blademaster
  4054 | D        | Noticed a deep elf blademaster
  4056 | D        | Noticed a deep elf summoner
  4058 | D        | Noticed a deep elf fighter
  4059 | D        | Noticed a deep elf master archer
  4060 | D        | Killed a deep elf summoner
  4060 | D        | Killed a deep elf master archer
  4060 | D        | Killed a deep elf fighter
  4060 | D        | Killed a deep elf fighter
  4061 | D        | Noticed a deep elf sorcerer
  4062 | D        | Noticed a deep elf conjurer
  4062 | D        | Noticed a deep elf master archer
  4062 | D        | Noticed a deep elf conjurer
  4063 | D        | Noticed a deep elf high priest
  4063 | D        | Noticed a deep elf sorcerer
  4063 | D        | Noticed a deep elf summoner
  4065 | D        | Noticed a deep elf blademaster
  4065 | D        | Noticed a deep elf conjurer
  4068 | D        | Noticed a deep elf sorcerer
  4072 | D        | Killed a deep elf sorcerer
  4073 | D        | Noticed a deep elf high priest
  4074 | D        | Noticed a deep elf high priest
  4076 | D        | Noticed a deep elf knight
  4077 | D        | Noticed a deep elf knight
  4077 | D        | Noticed a deep elf conjurer
  4077 | D        | Noticed a deep elf high priest
  4079 | D        | Killed a deep elf conjurer
  4079 | D        | Killed a deep elf master archer
  4079 | D        | Killed a deep elf sorcerer
  4079 | D        | Killed a deep elf conjurer
  4079 | D        | Killed a deep elf summoner
  4079 | D        | Killed a deep elf knight
  4079 | D        | Killed a deep elf high priest
  4079 | D        | Killed a deep elf knight
  4079 | D        | Killed a deep elf high priest
  4079 | D        | Killed a deep elf priest
  4079 | D        | Killed a deep elf sorcerer
  4079 | D        | Killed a deep elf conjurer
  4079 | D        | Killed a deep elf sorcerer
  4079 | D        | Killed a deep elf high priest
  4079 | D        | Killed a deep elf blademaster
  4079 | D        | Killed a deep elf high priest
  4079 | D        | Killed a deep elf high priest
  4079 | D        | Killed a deep elf conjurer
  4083 | D        | Noticed a deep elf blademaster
  4084 | D        | Noticed a deep elf knight
  4084 | D        | Noticed a deep elf sorcerer
  4085 | D        | Noticed a deep elf fighter
  4085 | D        | Noticed a deep elf mage
  4085 | D        | Killed a deep elf blademaster
  4087 | D        | Noticed a deep elf sorcerer
  4087 | D        | Noticed an orc sorcerer
  4088 | D        | Noticed a deep elf high priest
  4088 | D        | Noticed a deep elf summoner
  4089 | D        | Noticed a deep elf fighter
  4091 | D        | Noticed a deep elf annihilator
  4092 | D        | Noticed a deep elf sorcerer
  4093 | D        | Noticed a deep elf conjurer
  4096 | D        | Noticed a deep elf knight
  4096 | D        | Killed a deep elf fighter
  4096 | D        | Killed a deep elf summoner
  4096 | D        | Killed a deep elf fighter
  4096 | D        | Killed an orc sorcerer
  4096 | D        | Killed a deep elf sorcerer
  4096 | D        | Killed a deep elf knight
  4096 | D        | Killed a deep elf mage
  4096 | D        | Killed a deep elf sorcerer
  4096 | D        | Killed a deep elf high priest
  4096 | D        | Killed a deep elf knight
  4096 | D        | Killed a deep elf annihilator
  4096 | D        | Reached skill level 27 in Fighting
  4096 | D        | Killed a deep elf blademaster
  4096 | D        | Killed a deep elf conjurer
  4096 | D        | Killed a deep elf sorcerer
  4096 | D        | Killed a deep elf fighter
  4379 | D        | Entered arena 27.
  4451 | D        | Noticed a starcursed mass
  4457 | D        | Identified a +8 rod of clouds (14/14) (You took it off a spriggan air mage in the Dungeon)
  4458 | D        | Killed a starcursed mass
  4459 | D        | Killed a starcursed mass
  4461 | D        | Killed a starcursed mass
  4715 | D        | Noticed a thrashing horror
  4717 | D        | Noticed a worldbinder
  4717 | D        | Noticed a smoke demon
  4717 | D        | Noticed an efreet
  4717 | D        | Noticed a blue devil
  4717 | D        | Noticed a great orb of eyes
  4717 | D        | Noticed a small abomination
  4717 | D        | Noticed Doeshricw the pandemonium lord
  4717 | D        | Noticed a small abomination
  4718 | D        | Noticed a thrashing horror
  4718 | D        | Noticed a starcursed mass
  4718 | D        | Noticed an orange demon
  4725 | D        | Killed a great orb of eyes
  4725 | D        | Reached skill level 27 in Shields
  4727 | D        | Killed a small abomination
  4727 | D        | Killed an orange demon
  4727 | D        | Killed a smoke demon
  4727 | D        | Killed a worldbinder
  4727 | D        | Killed a blue devil
  4727 | D        | Killed a small abomination
  4727 | D        | Killed an efreet
  4731 | D        | Noticed Ynaffav the pandemonium lord
  4737 | D        | Noticed a profane servitor
  4741 | D        | Noticed a ynoxinul
  4742 | D        | Noticed a tentacled starspawn
  4743 | D        | Killed a hell hog
  4743 | D        | Killed a tentacled starspawn
  4743 | D        | Killed a profane servitor
  4743 | D        | Killed a thrashing horror
  4743 | D        | Killed a ynoxinul
  4743 | D        | Killed a thrashing horror
  4744 | D        | Noticed a large abomination
  4746 | D        | Noticed a small abomination
  4747 | D        | Noticed a hungry ghost
  4748 | D        | Noticed a neqoxec
  4748 | D        | Noticed a large abomination
  4749 | D        | Killed a small abomination
  4750 | D        | Killed Ynaffav the pandemonium lord
  4750 | D        | Killed a small abomination
  4750 | D        | Killed a large abomination
  4750 | D        | Killed a chaos spawn
  4750 | D        | Killed a hungry ghost
  4750 | D        | Killed a large abomination
  4750 | D        | Killed a neqoxec
  4750 | D        | Killed an ancient zyme
  4751 | D        | Noticed a wretched star
  4751 | D        | Noticed a chaos spawn
  4754 | D        | Noticed an efreet
  4756 | D        | Noticed a chaos spawn
  4756 | D        | Noticed an ancient zyme
  4756 | D        | Noticed a sky beast
  4756 | D        | Killed Doeshricw the pandemonium lord
  4756 | D        | Reached XP level 20. HP: 213/213 MP: 18/36
  4757 | D        | Noticed a hungry ghost
  4758 | D        | Noticed a large abomination
  4758 | D        | Noticed a large abomination
  4759 | D        | Noticed a tentacled starspawn
  4760 | D        | Noticed a small abomination
  4760 | D        | Noticed an ancient zyme
  4760 | D        | Noticed a large abomination
  4760 | D        | Noticed a ynoxinul
  4760 | D        | Noticed a tentacled starspawn
  4760 | D        | Killed a sky beast
  4760 | D        | Killed a large abomination
  4763 | D        | Noticed a revenant
  4764 | D        | Noticed an unseen horror
  4764 | D        | Killed a large abomination
  4765 | D        | Killed a small abomination
  4765 | D        | Killed an unseen horror
  4765 | D        | Killed a tentacled starspawn
  4765 | D        | Killed a chaos spawn
  4765 | D        | Killed a ynoxinul
  4765 | D        | Killed a chaos spawn
  4765 | D        | Killed an ancient zyme
  4765 | D        | Killed a tentacled starspawn
  4765 | D        | Reached skill level 27 in Armour
  4765 | D        | Killed an efreet
  4765 | D        | Killed a revenant
  4765 | D        | Killed a large abomination
  4766 | D        | Noticed a great orb of eyes
  4766 | D        | Noticed a small abomination
  4768 | D        | Noticed a neqoxec
  4771 | D        | Killed a wretched star
  4771 | D        | Killed an ancient zyme
  4772 | D        | Noticed a large abomination
  4772 | D        | Killed a hungry ghost
  4773 | D        | Noticed a small abomination
  4774 | D        | Killed a neqoxec
  4774 | D        | Killed a small abomination
  4774 | D        | Killed a small abomination
  4776 | D        | Killed a starcursed mass
  4776 | D        | Killed a starcursed mass
  4779 | D        | Killed a great orb of eyes
  4782 | D        | Noticed a neqoxec
  4784 | D        | Noticed an iron imp
  4784 | D        | Noticed an efreet
  4784 | D        | Noticed a large abomination
  4787 | D        | Killed a large abomination
  4792 | D        | Killed a chaos spawn
  4796 | D        | Killed a large abomination
  4798 | D        | Killed a neqoxec
  4809 | D        | Killed an efreet
  4809 | D        | Reached skill level 10 in Long Blades
  4815 | D        | Killed an iron imp
  4862 | D        | Noticed a thrashing horror
  4872 | D        | Killed a thrashing horror
  4931 | D        | Got the Orb of Zot
  5042 | D        | Escaped with the Orb!

Vault maps used:
D:        sprint_v

Action                   |  1- 3 |  4- 6 |  7- 9 | 10-12 | 13-15 | 16-18 | 19-21 || total
-------------------------+-------+-------+-------+-------+-------+-------+-------++-------
Melee: Lance             |    19 |    12 |    35 |   169 |   296 |   146 |   104 ||   781
Invok: Upheaval          |       |       |     3 |    10 |    24 |    15 |     4 ||    56
       Disaster Area     |       |       |     1 |     3 |     1 |    15 |     7 ||    27
 Abil: Evoke Fog         |       |       |       |       |       |     4 |       ||     4
Evoke: Rod               |       |       |       |       |     2 |    17 |     9 ||    28
       Staff of Wucad Mu |       |       |       |       |       |     3 |       ||     3
       Wand              |       |       |       |       |       |       |     2 ||     2
       Lamp of fire      |       |       |       |       |       |       |     1 ||     1
       Stone of tremors  |       |       |       |       |       |       |     1 ||     1
  Use: Potion            |     1 |       |       |     2 |       |    14 |       ||    17
       Scroll            |       |       |       |       |       |     3 |       ||     3
  Eat: Meat ration       |       |       |       |     1 |       |     2 |     1 ||     4
       Chunk             |       |       |       |       |    19 |    35 |       ||    54
       Royal jelly       |       |       |       |       |       |       |     1 ||     1
